[ AOE2 MATCH · #505798732 ]
UnrankedPortuguese vs Tupi
Player's team · WIN
Rival team · LOSS
[ REPLAY ANALYSIS · EXTRACTED FROM THE RECORDED GAME ]
Feudal
14:22
Castle
18:17
Imperial
—
| APM avg | 54.9 |
| APM peak | 119 |
| eAPM avg | 25.7 |
| Villagers / military | 36 / 6 |
Focus
⚔️ 43.8% · 🌾 56.2%
Militia ×6
Feudal
11:22
Castle
—
Imperial
—
| APM avg | 82.0 |
| APM peak | 121 |
| eAPM avg | 44.4 |
| Villagers / military | 80 / 0 |
Focus
⚔️ 43.4% · 🌾 56.6%
Unknown (2550) ×13
Match map
Initial resources + every placement click. Lines = walls · curves = elevation contours. ◆ gold · ⬟ stone · ● berries · ✦ relic · ◌ wall gap
Your base· Open — 6t gap
SVTT | Альпинист's base· Open — unwalled flank
Smoothed initial terrain · ◌ = detected wall gap · hover for details
Inputs per minute
— RedPhosphoru - - SVTT | Альпинист
Build order — RedPhosphoru
91 actions detected in the replay
| 0:00 | Create | Villager (Male) |
| 0:01 | Create | Villager (Male) |
| 0:02 | Build | House |
| 0:03 | Build | House |
| 0:09 | Create | Villager (Male) |
| 0:13 | Create | Villager (Male) |
| 1:08 | Create | Villager (Male) |
| 1:42 | Create | Villager (Male) |
| 2:34 | Create | Villager (Male) |
| 2:52 | Create | Villager (Male) |
| 2:53 | Create | Villager (Male) |
| 3:09 | Create | Villager (Male) |
| 3:11 | Build | Lumber Camp |
| 3:29 | Create | Villager (Male) |
| 4:00 | Create | Villager (Male) |
| 4:18 | Create | Villager (Male) |
| 4:25 | Build | House |
| 4:43 | Build | Palisade Wall |
| 4:45 | Build | Palisade Wall |
| 4:45 | Build | Palisade Wall |
| 4:46 | Build | Palisade Wall |
| 4:49 | Create | Villager (Male) |
| 4:57 | Create | Villager (Male) |
| 5:20 | Build | Palisade Wall |
| 5:21 | Build | Palisade Wall |
| 5:23 | Create | Villager (Male) |
| 6:03 | Build | House |
| 6:05 | Create | Villager (Male) |
| 6:13 | Create | Villager (Male) |
| 6:28 | Create | Villager (Male) |
| 6:41 | Build | Barracks |
| 6:41 | Create | Villager (Male) |
| 6:56 | Build | House |
| 6:58 | Create | Villager (Male) |
| 7:03 | Build | Palisade Wall |
| 7:05 | Build | Palisade Wall |
| 7:13 | Create | Villager (Male) |
| 7:20 | Build | Mill |
| 7:33 | Create | Militia |
| 7:53 | Create | Militia ×2 |
| 8:32 | Create | Villager (Male) |
| 8:35 | Create | Militia |
| 8:39 | Build | House |
| 8:41 | Build | Mill |
| 8:50 | Create | Villager (Male) |
| 9:04 | Create | Militia |
| 9:23 | Create | Villager (Male) |
| 9:32 | Create | Villager (Male) |
| 9:35 | Build | Palisade Wall |
| 9:43 | Build | Farm |
| 9:45 | Build | Farm |
| 9:47 | Build | Farm |
| 9:50 | Build | Farm |
| 9:51 | Create | Militia |
| 9:54 | Create | Villager (Male) |
| 10:18 | Create | Villager (Male) |
| 10:33 | Build | Mining Camp |
| 10:39 | Create | Villager (Male) |
| 11:02 | Create | Villager (Male) |
| 11:14 | Create | Villager (Male) |
| 11:43 | Build | Mining Camp |
| 11:52 | Research | Loom |
| 12:03 | Build | House |
| 12:04 | Build | Palisade Wall |
| 12:12 | Research | Feudal Age |
| 12:32 | Build | Palisade Wall |
| 12:35 | Build | Palisade Wall |
| 12:36 | Build | Palisade Wall |
| 12:37 | Build | Palisade Wall |
| 13:58 | Create | Villager (Male) |
| 14:22 | Age | Feudal Age |
| 14:29 | Build | Market |
| 14:38 | Create | Villager (Male) |
| 14:50 | Build | Palisade Wall |
| 14:51 | Build | Palisade Wall |
| 15:11 | Build | Blacksmith |
| 15:12 | Create | Villager (Male) |
| 15:37 | Research | Castle Age |
| 15:37 | Research | Castle Age |
| 15:58 | Build | Palisade Wall |
| 16:13 | Build | Palisade Wall |
| 16:29 | Build | Lumber Camp |
| 16:33 | Research | Double-Bit Axe |
| 16:52 | Build | Palisade Wall |
| 16:55 | Build | House |
| 17:31 | Create | Villager (Male) |
| 17:53 | Build | House |
| 17:55 | Build | House |
| 18:17 | Age | Castle Age |
| 18:25 | Build | Castle |
| 18:36 | Create | Villager (Male) |
Build order — SVTT | Альпинист
First 150 of 158 actions detected
| 0:00 | Create | Villager (Male) |
| 0:01 | Create | Villager (Male) |
| 0:02 | Build | House |
| 0:02 | Create | Villager (Male) |
| 0:03 | Build | House |
| 0:07 | Create | Villager (Male) |
| 0:07 | Create | Villager (Male) |
| 0:10 | Build | Barracks |
| 1:01 | Create | Villager (Male) |
| 1:02 | Create | Villager (Male) |
| 1:16 | Research | Loom |
| 1:42 | Create | Unit 2550 |
| 1:42 | Create | Unit 2550 |
| 1:59 | Create | Villager (Male) |
| 2:06 | Create | Unit 2550 |
| 2:06 | Create | Unit 2550 |
| 2:34 | Create | Villager (Male) |
| 2:34 | Create | Villager (Male) |
| 3:15 | Create | Villager (Male) |
| 3:16 | Create | Villager (Male) |
| 3:16 | Create | Villager (Male) |
| 3:32 | Create | Unit 2550 |
| 3:32 | Create | Unit 2550 |
| 3:36 | Create | Villager (Male) |
| 3:36 | Create | Villager (Male) |
| 3:53 | Create | Villager (Male) |
| 3:53 | Create | Villager (Male) |
| 3:59 | Build | House |
| 4:15 | Create | Villager (Male) |
| 4:15 | Create | Villager (Male) |
| 4:43 | Create | Villager (Male) |
| 4:43 | Create | Villager (Male) |
| 5:34 | Create | Villager (Male) |
| 5:56 | Create | Villager (Male) |
| 5:56 | Create | Villager (Male) |
| 5:56 | Create | Villager (Male) |
| 5:57 | Create | Villager (Male) |
| 6:10 | Create | Villager (Male) |
| 6:10 | Create | Villager (Male) |
| 6:14 | Create | Villager (Male) |
| 6:22 | Build | Settlement |
| 6:38 | Create | Villager (Male) |
| 6:54 | Build | House |
| 7:13 | Create | Villager (Male) |
| 7:34 | Create | Villager (Male) |
| 8:05 | Build | Settlement |
| 8:13 | Create | Villager (Male) |
| 9:12 | Research | Feudal Age |
| 9:12 | Research | Feudal Age |
| 10:27 | Build | Settlement |
| 10:45 | Create | Villager (Male) |
| 11:04 | Create | Villager (Male) |
| 11:11 | Build | Palisade Wall |
| 11:13 | Create | Villager (Male) |
| 11:21 | Build | Palisade Wall |
| 11:22 | Age | Feudal Age |
| 11:28 | Build | Palisade Wall |
| 11:34 | Build | Watch Tower |
| 11:36 | Create | Villager (Male) |
| 11:41 | Build | Palisade Wall |
| 12:00 | Build | Watch Tower |
| 12:05 | Build | Palisade Wall |
| 12:24 | Create | Villager (Male) |
| 12:28 | Build | Palisade Wall |
| 12:28 | Build | Palisade Wall |
| 12:28 | Build | Palisade Wall |
| 12:28 | Build | Palisade Wall |
| 12:29 | Build | Palisade Wall |
| 12:29 | Create | Villager (Male) |
| 12:44 | Build | Watch Tower |
| 12:45 | Create | Villager (Male) |
| 12:45 | Create | Villager (Male) |
| 12:46 | Create | Villager (Male) |
| 12:46 | Create | Villager (Male) |
| 12:46 | Create | Villager (Male) |
| 12:49 | Create | Villager (Male) |
| 12:53 | Create | Villager (Male) |
| 12:56 | Build | Settlement |
| 12:59 | Create | Villager (Male) |
| 13:35 | Build | Watch Tower |
| 13:40 | Create | Villager (Male) |
| 13:40 | Create | Villager (Male) |
| 13:40 | Create | Villager (Male) |
| 13:40 | Create | Villager (Male) |
| 13:41 | Create | Villager (Male) |
| 13:41 | Create | Villager (Male) |
| 13:41 | Create | Villager (Male) |
| 13:52 | Build | Farm |
| 13:53 | Build | House |
| 13:57 | Create | Villager (Male) |
| 13:57 | Create | Villager (Male) |
| 13:57 | Create | Villager (Male) |
| 13:57 | Create | Villager (Male) |
| 13:57 | Create | Villager (Male) |
| 14:23 | Build | Watch Tower |
| 14:33 | Create | Villager (Male) |
| 14:34 | Create | Villager (Male) |
| 14:44 | Create | Unit 2550 |
| 14:45 | Create | Unit 2550 |
| 15:14 | Build | Palisade Wall |
| 15:14 | Build | Palisade Wall |
| 15:15 | Build | Palisade Wall |
| 15:15 | Build | Palisade Wall |
| 15:15 | Build | Palisade Wall |
| 15:15 | Build | Palisade Wall |
| 15:15 | Build | Palisade Wall |
| 15:16 | Build | Palisade Wall |
| 15:18 | Build | Palisade Wall |
| 15:18 | Build | Palisade Wall |
| 15:18 | Build | Palisade Wall |
| 15:18 | Build | Palisade Wall |
| 15:18 | Build | Palisade Wall |
| 15:19 | Build | Palisade Wall |
| 15:19 | Build | Palisade Wall |
| 15:20 | Build | Palisade Wall |
| 15:20 | Build | Palisade Wall |
| 15:21 | Create | Villager (Male) |
| 15:21 | Create | Villager (Male) |
| 15:22 | Create | Villager (Male) |
| 15:22 | Create | Villager (Male) |
| 15:22 | Create | Villager (Male) |
| 15:22 | Create | Villager (Male) |
| 15:22 | Create | Villager (Male) |
| 15:24 | Create | Unit 2550 |
| 15:24 | Create | Unit 2550 |
| 15:25 | Create | Unit 2550 |
| 15:32 | Build | Watch Tower |
| 15:40 | Build | Watch Tower |
| 15:45 | Build | Watch Tower |
| 15:46 | Create | Villager (Male) |
| 15:46 | Create | Villager (Male) |
| 15:46 | Create | Villager (Male) |
| 15:47 | Create | Villager (Male) |
| 15:55 | Build | Palisade Wall |
| 15:55 | Build | Palisade Wall |
| 15:55 | Build | Palisade Wall |
| 15:56 | Build | Palisade Wall |
| 16:03 | Create | Villager (Male) |
| 16:08 | Create | Villager (Male) |
| 16:27 | Build | Watch Tower |
| 16:45 | Build | Watch Tower |
| 16:50 | Create | Villager (Male) |
| 17:06 | Create | Villager (Male) |
| 17:16 | Build | Farm |
| 17:16 | Build | Farm |
| 17:16 | Build | Farm |
| 17:16 | Build | Farm |
| 17:17 | Build | Farm |
| 17:33 | Create | Unit 2550 |
| 17:33 | Create | Unit 2550 |
Match timeline
| 0:10 | SVTT | Альпинист · first_building Barracks |
| 4:43 | RedPhosphoru · wall_segment Palisade Wall x1 |
| 4:45 | RedPhosphoru · wall_segment Palisade Wall x1 |
| 4:45 | RedPhosphoru · wall_segment Palisade Wall x1 |
| 4:46 | RedPhosphoru · wall_segment Palisade Wall x1 |
| 5:20 | RedPhosphoru · wall_segment Palisade Wall x1 |
| 5:21 | RedPhosphoru · wall_segment Palisade Wall x1 |
| 6:41 | RedPhosphoru · first_building Barracks |
| 7:03 | RedPhosphoru · wall_segment Palisade Wall x1 |
| 7:05 | RedPhosphoru · wall_segment Palisade Wall x1 |
| 9:35 | RedPhosphoru · wall_segment Palisade Wall x4 |
| 11:11 | SVTT | Альпинист · wall_segment Palisade Wall x1 |
| 11:21 | SVTT | Альпинист · wall_segment Palisade Wall x1 |
| 11:22 | SVTT | Альпинист · age_up feudal |
| 11:28 | SVTT | Альпинист · wall_segment Palisade Wall x1 |
| 11:41 | SVTT | Альпинист · wall_segment Palisade Wall x1 |
| 12:04 | RedPhosphoru · wall_segment Palisade Wall x8 |
| 12:05 | SVTT | Альпинист · wall_segment Palisade Wall x1 |
| 12:28 | SVTT | Альпинист · wall_segment Palisade Wall x1 |
| 12:28 | SVTT | Альпинист · wall_segment Palisade Wall x2 |
| 12:28 | SVTT | Альпинист · wall_segment Palisade Wall x2 |
| 12:28 | SVTT | Альпинист · wall_segment Palisade Wall x1 |
| 12:29 | SVTT | Альпинист · wall_segment Palisade Wall x1 |
| 12:32 | RedPhosphoru · wall_segment Palisade Wall x8 |
| 12:35 | RedPhosphoru · wall_segment Palisade Wall x1 |
| 12:36 | RedPhosphoru · wall_segment Palisade Wall x1 |
| 12:37 | RedPhosphoru · wall_segment Palisade Wall x1 |
| 14:22 | RedPhosphoru · age_up feudal |
| 14:50 | RedPhosphoru · wall_segment Palisade Wall x1 |
| 14:51 | RedPhosphoru · wall_segment Palisade Wall x1 |
| 15:14 | SVTT | Альпинист · wall_segment Palisade Wall x1 |
| 15:14 | SVTT | Альпинист · wall_segment Palisade Wall x2 |
| 15:15 | SVTT | Альпинист · wall_segment Palisade Wall x2 |
| 15:15 | SVTT | Альпинист · wall_segment Palisade Wall x1 |
| 15:15 | SVTT | Альпинист · wall_segment Palisade Wall x1 |
| 15:15 | SVTT | Альпинист · wall_segment Palisade Wall x1 |
| 15:15 | SVTT | Альпинист · wall_segment Palisade Wall x2 |
| 15:16 | SVTT | Альпинист · wall_segment Palisade Wall x1 |
| 15:18 | SVTT | Альпинист · wall_segment Palisade Wall x1 |
| 15:18 | SVTT | Альпинист · wall_segment Palisade Wall x2 |
| 15:18 | SVTT | Альпинист · wall_segment Palisade Wall x1 |
| 15:18 | SVTT | Альпинист · wall_segment Palisade Wall x2 |
| 15:18 | SVTT | Альпинист · wall_segment Palisade Wall x1 |
| 15:19 | SVTT | Альпинист · wall_segment Palisade Wall x1 |
| 15:19 | SVTT | Альпинист · wall_segment Palisade Wall x1 |
| 15:20 | SVTT | Альпинист · wall_segment Palisade Wall x1 |
| 15:20 | SVTT | Альпинист · wall_segment Palisade Wall x1 |
| 15:55 | SVTT | Альпинист · wall_segment Palisade Wall x2 |
| 15:55 | SVTT | Альпинист · wall_segment Palisade Wall x1 |
| 15:55 | SVTT | Альпинист · wall_segment Palisade Wall x2 |
| 15:56 | SVTT | Альпинист · wall_segment Palisade Wall x1 |
| 15:58 | RedPhosphoru · wall_segment Palisade Wall x5 |
| 16:13 | RedPhosphoru · wall_segment Palisade Wall x1 |
| 16:52 | RedPhosphoru · wall_segment Palisade Wall x1 |
| 18:17 | RedPhosphoru · age_up castle |
| 18:25 | RedPhosphoru · first_building Castle |
| 18:40 | SVTT | Альпинист · resign |
[ AI ANALYSIS · 1 CREDIT ]
What really happened in this match?
Wolo.gg analyzes every decision: build order, eco, micro, common mistakes by bracket. Personalized analysis on WhatsApp or Discord in 30 seconds.
Civ guide
Portuguese
Perfil
Red Phosphoru